Warning! The script has encountered some errors when parsing the replay. Please report them to the . » details
0x00, prev: 0x16: 16 02 0A 00 C9 09 00 00 40 23 0B 00 50 10 00 00 F2 38 0B 00 90 10 00 00 69 23 0B 00 D5 30 00 00 1B 39 0B 00 53 40 00 00 BB 34 09 00 B4 50 00 00 BB 98 0B 00 9F 58 00 00 DB 7C 0B 00 F6 5A 00 00 B1 51 0B 00 78 5E 00 00 92 34 09 00 7A 5E 00 00 AD 7C 0B 00 [00] 00 00 00 00 00 00 00 00 00 00 00 00 00 00 00 00 00 00 00 00 00 00 00 00 00
0x00, prev: 0x00: 16 02 0A 00 C9 09 00 00 40 23 0B 00 50 10 00 00 F2 38 0B 00 90 10 00 00 69 23 0B 00 D5 30 00 00 1B 39 0B 00 53 40 00 00 BB 34 09 00 B4 50 00 00 BB 98 0B 00 9F 58 00 00 DB 7C 0B 00 F6 5A 00 00 B1 51 0B 00 78 5E 00 00 92 34 09 00 7A 5E 00 00 AD 7C 0B 00 00 00 00 00 00 00 00 00 00 00 00 00 00 00 00 00 00 00 00 00 00 00 00 00 [00] 00
0x00, prev: 0x02: 16 02 01 00 89 48 00 00 11 9E 00 00 00 00 00 00 00 00 00 00 00 00 00 00 00 00 00 00 00 00 00 00 00 00 00 00 02 [00]
0x00, prev: 0x04: 16 02 01 00 79 4E 00 00 2F 70 00 00 00 00 00 00 00 00 00 00 00 00 00 00 00 00 00 00 00 00 00 00 00 00 00 00 04 [00]
0x08, prev: 0x00: 16 02 01 00 89 48 00 00 11 9E 00 00 00 00 00 00 00 00 00 00 00 00 00 00 00 00 00 00 00 00 00 00 00 00 00 00 [08] 00
0x0B, prev: 0x00: 16 02 02 00 FF 3E 00 00 4A 6A 04 00 E1 42 00 00 1B B5 00 00 00 00 00 00 00 00 00 00 00 00 00 00 00 00 00 00 00 00 00 00 00 00 00 00 [0B] 00
0x0D, prev: 0x00: 16 02 02 00 E1 42 00 00 1B B5 00 00 FF 3E 00 00 4A 6A 04 00 00 00 00 00 00 00 00 00 00 00 00 00 00 00 00 00 00 00 00 00 00 00 00 00 [0D] 00 05 1F 00 12 00 00 03 00 0D 00 FF FF FF FF FF FF FF FF 1C F1 0E 45 54 65 7A C5 B2 5E 00 00 39 B6 0B 00
0x00, prev: 0x05: 16 02 02 00 E1 42 00 00 1B B5 00 00 FF 3E 00 00 4A 6A 04 00 00 00 00 00 00 00 00 00 00 00 00 00 00 00 00 00 00 00 00 00 00 00 00 00 05 [00]
0x0F, prev: 0x00: 16 02 01 00 E1 42 00 00 1B B5 00 00 00 00 00 00 00 00 00 00 00 00 00 00 00 00 00 00 00 00 00 00 00 00 00 00 [0F] 00
0x00, prev: 0x01: 16 02 0C 00 18 09 00 00 E9 98 0B 00 C9 09 00 00 40 23 0B 00 50 10 00 00 F2 38 0B 00 90 10 00 00 69 23 0B 00 D5 30 00 00 1B 39 0B 00 C7 3E 00 00 83 66 09 00 53 40 00 00 BB 34 09 00 B4 50 00 00 BB 98 0B 00 9F 58 00 00 DB 7C 0B 00 F6 5A 00 00 B1 51 0B 00 78 5E 00 00 92 34 09 00 7A 5E 00 00 AD 7C 0B 00 00 00 00 00 00 00 00 00 00 00 00 00 00 00 00 00 00 00 00 00 00 00 00 00 01 [00] 06 03 00 18 00 03 02 26 00 16 02 01 00 1E 50 00 00 28 29 0D 00 16 01 01 00 75 5F 00 00 B7 E8 05 00 1A 19 64 68 73 75 75 5F 00 00 B7 E8 05 00 05 30 00 18 03 03 1A 19 74 6F 64 65 E7 05 00 00 83 AE 0C 00 12 18 00 03 00 0D 00 FF FF FF FF FF FF FF FF 86 5A A6 44 E9 FE B5 45 FF FF FF FF FF FF FF FF 05 30 00 18 01 03 1A 19 74 6F 64 65 DF 03 00 00 2A 6B 06 00 12 18 00 03 00 0D 00 FF FF FF FF FF FF FF FF D2 1A DD 44 69 04 AC 45 FF FF FF FF FF FF FF FF
0x0C, prev: 0x00: 16 02 01 00 2E 45 00 00 B8 9D 00 00 00 00 00 00 00 00 00 00 00 00 00 00 00 00 00 00 00 00 00 00 00 00 00 00 [0C] 00 05 26 00 16 02 01 00 64 3C 00 00 B8 65 12 00 16 01 01 00 8F 61 00 00 51 BF 15 00 1A 19 62 72 74 6F 8F 61 00 00 51 BF 15 00 04 1F 00 12 00 00 03 00 0D 00 FF FF FF FF FF FF FF FF 2A 25 BD C5 8F 8C CF C5 FF FF FF FF FF FF FF FF
0x09, prev: 0x00: 16 02 01 00 73 22 00 00 97 81 0A 00 00 00 00 00 00 00 00 00 00 00 00 00 00 00 00 00 00 00 00 00 00 00 00 00 [09] 00
General information
- name: BNet
- type: Ladder team game (AT/RT)
- host: Battle.net
- saver: UremindmeofaGay
map: Highperch
- players: 6
- length: 153:05
- speed: Fast
- version: 1.23 W3XP
- replay type: Public
» download(616 KB)
Players
team 1 (winner)
chapelOfdiamond (
pink | 44 APM | 2422 actions | 55:27)
7 Pandaren Brewmaster
3 Breath of Fire
3 Drunken Brawler
1 Storm Earth and Fire
» actions
| Assign group hotkey | 56 | |
| Basic commands | 75 | |
| Build / train | 76 | |
| Enter build submenu | 33 | |
| Enter hero's abilities submenu | 7 | |
| Give item / drop item | 3 | |
| Right click | 1040 | |
| Select / deselect | 375 | |
| Select group hotkey | 537 | |
| Use ability | 220 | |
2422 total
» units
» upgrades
| Melee Weapons | 1 | |
| Ranged Weapons | 3 | |
| Liquid Fire | 1 | |
| Armor | 3 | |
8 total
» buildings
| Altar of Storms | 1 | |
| Orc Burrow | 9 | |
| Stronghold | 2 | |
| War Mill | 1 | |
| Voodoo Lounge | 16 | |
| Fortress | 3 | |
| Beastiary | 3 | |
35 total
» build order
00:08 Altar of Storms
00:14 Orc Burrow
02:59 Stronghold
03:54 War Mill
03:57 Orc Burrow
03:57 Orc Burrow
04:29 Voodoo Lounge
04:30 Voodoo Lounge
04:34 Voodoo Lounge
04:37 Voodoo Lounge
04:43 Orc Burrow
05:20 Voodoo Lounge
05:23 Fortress
05:23 Fortress
05:26 Orc Burrow
05:26 Orc Burrow
06:07 Voodoo Lounge
06:32 Beastiary
06:34 Beastiary
06:38 Beastiary
06:41 Orc Burrow
19:14 Voodoo Lounge
19:19 Voodoo Lounge
19:24 Voodoo Lounge
19:25 Voodoo Lounge
19:31 Voodoo Lounge
19:32 Voodoo Lounge
19:35 Voodoo Lounge
19:38 Voodoo Lounge
19:41 Voodoo Lounge
19:44 Voodoo Lounge
30:27 Orc Burrow
30:28 Orc Burrow
» items
| Healing Salve | 2 | |
| Lesser Clarity Potion | 4 | |
| Scroll of Speed | 3 | |
| Boots of Speed | 1 | |
| Potion of Invisibility | 1 | |
| Staff of Teleportation | 1 | |
| Orb of Lightning | 1 | |
| Scroll of Town Portal | 3 | |
| Staff of Sanctuary | 1 | |
17 total
UremindmeofaGay (
purple | 66 APM | 5574 actions | 84:41)
7 Pandaren Brewmaster
3 Breath of Fire
3 Drunken Haze
1 Storm Earth and Fire
4 Archmage
2 Brilliance Aura
2 Blizzard
5 Paladin
3 Holy Light
2 Divine Shield
» actions
| Assign group hotkey | 81 | |
| Basic commands | 194 | |
| Build / train | 145 | |
| ESC pressed | 7 | |
| Enter build submenu | 80 | |
| Enter hero's abilities submenu | 17 | |
| Give item / drop item | 22 | |
| Right click | 2119 | |
| Select / deselect | 1045 | |
| Select group hotkey | 1302 | |
| Use ability | 560 | |
5574 total
» units
| Peasant | 17 | |
| Sorceress | 2 | |
| Dragonhawk Rider | 10 | |
| Priest | 1 | |
30 total
» upgrades
| Masonry | 3 | |
| Lumber Harvesting | 2 | |
| Magic Sentry | 1 | |
| Sorceress Training | 2 | |
| Priest Training | 2 | |
| Cloud | 1 | |
| Armor | 3 | |
| Swords | 3 | |
17 total
» buildings
| Lumber Mill | 2 | |
| Farm | 20 | |
| Altar of Kings | 3 | |
| Scout Tower | 75 | |
| Guard Tower | 35 | |
| Keep | 3 | |
| Arcane Vault | 1 | |
| Town Hall | 1 | |
| Castle | 2 | |
| Blacksmith | 4 | |
| Gryphon Aviary | 3 | |
| Arcane Sanctum | 1 | |
| Arcane Tower | 2 | |
| Altar of Storms | 1 | |
| Orc Burrow | 1 | |
| Tree of Ages | 1 | |
155 total
» build order
00:06 Lumber Mill
00:09 Farm
01:07 Farm
01:16 Altar of Kings
01:19 Altar of Kings
01:28 Scout Tower
01:30 Scout Tower
01:59 Guard Tower
02:00 Scout Tower
02:02 Scout Tower
02:03 Guard Tower
02:24 Scout Tower
02:27 Scout Tower
02:29 Guard Tower
02:31 Scout Tower
02:34 Scout Tower
02:35 Guard Tower
02:56 Scout Tower
02:58 Guard Tower
02:58 Guard Tower
03:00 Scout Tower
03:03 Scout Tower
03:05 Scout Tower
03:06 Guard Tower
03:22 Guard Tower
03:23 Scout Tower
03:24 Scout Tower
03:24 Scout Tower
03:25 Scout Tower
03:26 Guard Tower
03:28 Scout Tower
03:37 Guard Tower
03:40 Scout Tower
03:42 Scout Tower
03:55 Guard Tower
04:07 Guard Tower
04:10 Scout Tower
04:11 Scout Tower
04:12 Scout Tower
04:13 Scout Tower
04:14 Keep
04:14 Keep
04:16 Scout Tower
04:17 Scout Tower
04:36 Guard Tower
05:06 Guard Tower
05:09 Scout Tower
05:10 Scout Tower
05:13 Scout Tower
05:15 Scout Tower
05:18 Arcane Vault
05:19 Guard Tower
05:19 Guard Tower
05:55 Guard Tower
06:21 Guard Tower
06:49 Town Hall
06:51 Castle
06:59 Scout Tower
07:56 Blacksmith
07:58 Gryphon Aviary
08:01 Arcane Sanctum
08:04 Gryphon Aviary
08:56 Arcane Tower
09:27 Scout Tower
09:27 Scout Tower
09:49 Gryphon Aviary
10:03 Guard Tower
10:06 Scout Tower
10:06 Scout Tower
10:07 Scout Tower
10:08 Scout Tower
11:01 Guard Tower
11:37 Farm
11:38 Farm
11:40 Scout Tower
11:40 Scout Tower
11:40 Scout Tower
11:42 Scout Tower
14:58 Guard Tower
15:00 Farm
15:00 Farm
15:00 Farm
15:01 Farm
15:01 Farm
15:01 Farm
15:02 Farm
15:02 Farm
18:43 Scout Tower
18:44 Scout Tower
18:44 Scout Tower
18:45 Scout Tower
18:46 Scout Tower
18:47 Scout Tower
18:49 Scout Tower
18:49 Scout Tower
18:50 Scout Tower
18:50 Scout Tower
18:51 Scout Tower
18:53 Scout Tower
19:33 Guard Tower
21:32 Scout Tower
21:33 Scout Tower
21:34 Scout Tower
21:35 Scout Tower
21:35 Scout Tower
21:36 Scout Tower
21:36 Scout Tower
21:37 Scout Tower
22:13 Guard Tower
22:40 Guard Tower
22:41 Scout Tower
23:04 Guard Tower
23:10 Guard Tower
23:12 Guard Tower
30:19 Blacksmith
30:23 Blacksmith
30:55 Farm
34:35 Keep
37:05 Lumber Mill
37:08 Castle
38:16 Scout Tower
38:18 Scout Tower
38:20 Scout Tower
38:21 Scout Tower
38:25 Scout Tower
38:30 Scout Tower
38:33 Scout Tower
38:34 Scout Tower
38:35 Scout Tower
38:57 Guard Tower
39:11 Scout Tower
39:16 Scout Tower
39:19 Scout Tower
39:22 Scout Tower
39:25 Guard Tower
39:52 Guard Tower
40:07 Guard Tower
40:10 Guard Tower
40:44 Guard Tower
40:47 Guard Tower
43:07 Guard Tower
55:27 Orc Burrow
83:35 Tree of Ages
» items
| Boots of Speed | 2 | |
| Staff of Teleportation | 3 | |
| Healing Salve | 3 | |
| Lesser Clarity Potion | 5 | |
| Scroll of Town Portal | 6 | |
| Orb of Lightning | 4 | |
| Staff of Sanctuary | 2 | |
| Scroll of Speed | 1 | |
| Moonstone | 2 | |
| Tiny Great Hall | 2 | |
| Ivory Tower | 2 | |
32 total
WEINTERRUPT (
teal | 43 APM | 3241 actions | 75:56)
6 Pandaren Brewmaster
3 Breath of Fire
2 Drunken Haze
1 Storm Earth and Fire
» actions
| Assign group hotkey | 22 | |
| Basic commands | 23 | |
| Build / train | 68 | |
| ESC pressed | 3 | |
| Enter build submenu | 44 | |
| Enter hero's abilities submenu | 6 | |
| Give item / drop item | 4 | |
| Remove unit from queue | 1 | |
| Right click | 1637 | |
| Select / deselect | 531 | |
| Select group hotkey | 702 | |
| Use ability | 200 | |
3241 total
» units
| Wisp | 16 | |
| Druid of the Talon | 14 | |
30 total
» upgrades
| Ultravision | 1 | |
| Strength of the Wild | 3 | |
| Well Spring | 1 | |
| Reinforced Hides | 3 | |
| Druid of the Talon Training | 2 | |
| Mark of the Talon | 1 | |
11 total
» buildings
| Altar of Elders | 2 | |
| Moon Well | 26 | |
| Hunter's Hall | 1 | |
| Tree of Ages | 2 | |
| Tree of Life | 1 | |
| Tree of Eternity | 3 | |
| Ancient of Wonders | 2 | |
| Ancient of Wind | 3 | |
| Orc Burrow | 2 | |
42 total
» build order
00:09 Altar of Elders
00:13 Moon Well
03:06 Moon Well
04:02 Moon Well
04:04 Moon Well
04:05 Moon Well
04:46 Hunter's Hall
06:15 Moon Well
06:15 Moon Well
06:33 Tree of Ages
06:34 Tree of Ages
07:10 Moon Well
07:28 Moon Well
08:32 Moon Well
08:54 Tree of Life
09:24 Moon Well
10:07 Tree of Eternity
10:07 Tree of Eternity
10:28 Moon Well
11:42 Moon Well
11:50 Moon Well
12:12 Ancient of Wonders
12:20 Ancient of Wonders
15:04 Ancient of Wind
15:06 Ancient of Wind
15:13 Ancient of Wind
25:01 Moon Well
25:03 Moon Well
25:08 Moon Well
26:09 Moon Well
26:22 Moon Well
27:37 Moon Well
27:46 Moon Well
29:41 Moon Well
55:27 Orc Burrow
71:42 Moon Well
71:53 Moon Well
72:50 Altar of Elders
72:58 Moon Well
73:04 Moon Well
» items
| Boots of Speed | 1 | |
| Lesser Clarity Potion | 1 | |
| Orb of Lightning | 2 | |
| Staff of Teleportation | 1 | |
| Scroll of Town Portal | 7 | |
| Tiny Great Hall | 1 | |
13 total
team 2 (loser)
golfvictim (
blue | 68 APM | 5747 actions | 84:40)
3 Death Knight
2 Death Coil
1 Unholy Aura
2 Lich
1 Frost Nova
1 Dark Ritual
» actions
| Assign group hotkey | 48 | |
| Basic commands | 189 | |
| Build / train | 74 | |
| ESC pressed | 6 | |
| Enter build submenu | 21 | |
| Enter hero's abilities submenu | 7 | |
| Give item / drop item | 9 | |
| Remove unit from queue | 1 | |
| Right click | 2726 | |
| Select / deselect | 1104 | |
| Select group hotkey | 1354 | |
| Use ability | 207 | |
5747 total
» units
| Acolyte | 5 | |
| Ghoul | 14 | |
| Frost Wyrm | 16 | |
| Abomination | 1 | |
36 total
» upgrades
| Unholy Strength | 2 | |
| Creature Attack | 3 | |
| Creature Carapace | 3 | |
| Freezing Breath | 1 | |
| Ghoul Frenzy | 1 | |
| Disease Cloud | 1 | |
| Unholy Armor | 2 | |
13 total
» buildings
| Altar of Darkness | 1 | |
| Ziggurat | 9 | |
| Crypt | 1 | |
| Tomb of Relics | 1 | |
| Halls of the Dead | 3 | |
| Graveyard | 1 | |
| Spirit Tower | 1 | |
| Black Citadel | 3 | |
| Sacrificial Pit | 1 | |
| Boneyard | 3 | |
| Slaughterhouse | 1 | |
25 total
» build order
00:07 Altar of Darkness
00:12 Ziggurat
00:32 Crypt
00:53 Tomb of Relics
01:15 Ziggurat
02:07 Ziggurat
03:54 Halls of the Dead
03:54 Halls of the Dead
03:58 Graveyard
05:31 Spirit Tower
06:30 Black Citadel
06:30 Black Citadel
06:51 Sacrificial Pit
07:18 Ziggurat
07:57 Ziggurat
08:52 Boneyard
09:02 Boneyard
10:44 Ziggurat
11:52 Boneyard
11:55 Ziggurat
12:32 Ziggurat
12:36 Ziggurat
14:53 Slaughterhouse
» items
| Rod of Necromancy | 3 | |
| Orb of Corruption | 1 | |
| Potion of Healing | 1 | |
| Potion of Mana | 1 | |
6 total
kthanxbye (
orange | 81 APM | 6854 actions | 84:40)
3 Death Knight
2 Death Coil
1 Unholy Aura
2 Lich
1 Frost Nova
1 Frost Armor
1 Pandaren Brewmaster
1 Breath of Fire
» actions
| Assign group hotkey | 31 | |
| Basic commands | 276 | |
| Build / train | 107 | |
| ESC pressed | 18 | |
| Enter build submenu | 41 | |
| Enter hero's abilities submenu | 6 | |
| Give item / drop item | 5 | |
| Right click | 4251 | |
| Select / deselect | 1313 | |
| Select group hotkey | 508 | |
| Use ability | 296 | |
6854 total
» units
| Acolyte | 14 | |
| Ghoul | 15 | |
| Gargoyle | 6 | |
| Meatwagon | 13 | |
| Abomination | 3 | |
| Harpy Rogue | 1 | |
52 total
» upgrades
| Creature Attack | 1 | |
| Unholy Strength | 3 | |
| Exhume Corpses | 2 | |
| Unholy Armor | 3 | |
| Disease Cloud | 1 | |
| Web | 1 | |
| Backpack | 1 | |
| Cannibalize | 1 | |
| Burrow | 1 | |
| Destroyer Form | 1 | |
15 total
» buildings
| Altar of Darkness | 1 | |
| Ziggurat | 19 | |
| Crypt | 1 | |
| Tomb of Relics | 1 | |
| Nerubian Tower | 5 | |
| Graveyard | 1 | |
| Spirit Tower | 8 | |
| Halls of the Dead | 3 | |
| Sacrificial Pit | 1 | |
| Black Citadel | 2 | |
| Slaughterhouse | 2 | |
| Necropolis | 3 | |
47 total
» build order
00:07 Altar of Darkness
00:10 Ziggurat
00:36 Crypt
00:55 Tomb of Relics
01:09 Ziggurat
01:27 Nerubian Tower
02:23 Ziggurat
04:17 Graveyard
05:41 Ziggurat
05:44 Ziggurat
05:47 Ziggurat
06:41 Ziggurat
06:42 Nerubian Tower
06:43 Spirit Tower
06:43 Spirit Tower
06:46 Ziggurat
06:50 Ziggurat
07:29 Ziggurat
07:32 Ziggurat
07:35 Spirit Tower
07:51 Spirit Tower
08:13 Ziggurat
08:34 Ziggurat
09:05 Nerubian Tower
09:33 Nerubian Tower
09:39 Ziggurat
09:47 Ziggurat
09:50 Spirit Tower
09:59 Halls of the Dead
09:59 Halls of the Dead
10:22 Ziggurat
12:19 Nerubian Tower
12:20 Spirit Tower
13:36 Sacrificial Pit
13:49 Black Citadel
13:49 Black Citadel
14:15 Slaughterhouse
15:06 Spirit Tower
15:08 Ziggurat
15:11 Ziggurat
16:06 Spirit Tower
17:49 Slaughterhouse
19:54 Ziggurat
41:14 Necropolis
50:38 Necropolis
55:22 Necropolis
» items
| Rod of Necromancy | 1 | |
| Sacrificial Skull | 4 | |
| Staff of Teleportation | 1 | |
| Boots of Speed | 2 | |
8 total
redcantonarmy (
red | 134 APM | 7427 actions | 55:27)
4 Dreadlord
1 Sleep
2 Carrion Swarm
1 Vampiric Aura
2 Pandaren Brewmaster
1 Breath of Fire
1 Drunken Haze
2 Crypt Lord
1 Impale
1 Carrion Beetles
» actions
| Assign group hotkey | 59 | |
| Basic commands | 204 | |
| Build / train | 76 | |
| ESC pressed | 3 | |
| Enter build submenu | 24 | |
| Enter hero's abilities submenu | 11 | |
| Right click | 4383 | |
| Select / deselect | 755 | |
| Select group hotkey | 1671 | |
| Use ability | 241 | |
7427 total
» units
| Acolyte | 7 | |
| Ghoul | 7 | |
| Crypt Fiend | 19 | |
33 total
» upgrades
| Unholy Strength | 1 | |
| Creature Attack | 3 | |
| Creature Carapace | 3 | |
| Web | 1 | |
| Burrow | 1 | |
9 total
» buildings
| Altar of Darkness | 1 | |
| Ziggurat | 12 | |
| Crypt | 2 | |
| Tomb of Relics | 1 | |
| Graveyard | 1 | |
| Nerubian Tower | 4 | |
| Spirit Tower | 7 | |
| Halls of the Dead | 1 | |
| Black Citadel | 1 | |
30 total
» build order
00:11 Altar of Darkness
00:15 Ziggurat
00:47 Crypt
01:02 Tomb of Relics
01:20 Graveyard
01:32 Ziggurat
03:25 Nerubian Tower
05:29 Ziggurat
05:33 Ziggurat
05:34 Ziggurat
05:36 Ziggurat
05:38 Ziggurat
06:07 Ziggurat
06:23 Spirit Tower
06:31 Nerubian Tower
06:44 Spirit Tower
07:17 Spirit Tower
08:07 Nerubian Tower
08:38 Spirit Tower
09:31 Ziggurat
09:40 Ziggurat
09:43 Ziggurat
09:45 Ziggurat
11:37 Halls of the Dead
11:59 Nerubian Tower
12:01 Spirit Tower
12:13 Spirit Tower
12:28 Spirit Tower
14:34 Crypt
15:44 Black Citadel
» items
| Rod of Necromancy | 1 | |
| Sacrificial Skull | 2 | |
| Potion of Lesser Invulnerability | 1 | |
| Boots of Speed | 3 | |
| Scroll of Town Portal | 1 | |
8 total
Chat log
(00:24 / Allies) UremindmeofaGay: feed what u can
(00:28 / Allies) UremindmeofaGay: dont worry abotu wells till tower wall up
(01:18 / Allies) WEINTERRUPT: PANDS?
(01:20 / Allies) UremindmeofaGay: yes
(01:51 / All) UremindmeofaGay: promise me this isnt 3x ghouls rush
(01:54 / All) UremindmeofaGay: if it is just leave now
(01:55 / All) redcantonarmy: its not
(01:56 / All) UremindmeofaGay: *yawn*
(02:01 / All) redcantonarmy: dont worry
(02:16 / Allies) UremindmeofaGay: wood
(02:21 / Allies) UremindmeofaGay: wood wospsops
(02:42 / Allies) chapelOfdiamond: zee
(02:43 / Allies) chapelOfdiamond: zee
(02:45 / Allies) chapelOfdiamond: zeeeeeeeeeeeeeeee
(02:48 / Allies) UremindmeofaGay: nvm inc
(03:40 / Allies) chapelOfdiamond: b 2 towr
(03:46 / All) UremindmeofaGay: ghouls...
(03:48 / All) UremindmeofaGay: leave please
(03:48 / All) UremindmeofaGay: trash
(03:51 / Allies) UremindmeofaGay: wells
(03:52 / Allies) UremindmeofaGay: now
(04:21 / Allies) UremindmeofaGay: orc shops
(04:46 / Allies) UremindmeofaGay: remember to keep making wood wisps and feeding
(04:48 / Allies) UremindmeofaGay: lets not have any jokes
(04:53 / Allies) chapelOfdiamond: mid oranges
(05:01 / Allies) WEINTERRUPT: YOURE AN ASS
(06:09 / Allies) UremindmeofaGay: michael well right side
(06:19 / Allies) UremindmeofaGay: also wood
(06:51 / Allies) WEINTERRUPT: ALEX UR RICH
(06:56 / Allies) UremindmeofaGay: 300 gold
(07:01 / Allies) UremindmeofaGay: is rich?
(07:05 / Allies) WEINTERRUPT: YEA
(08:15 / Allies) UremindmeofaGay: care michael
(08:31 / Allies) chapelOfdiamond: im pink
(09:04 / Allies) chapelOfdiamond: make night elf shops by the tower wall
(09:04 / Allies) UremindmeofaGay: prioritize bats
(09:06 / Allies) chapelOfdiamond: for night stones
(09:38 / Allies) chapelOfdiamond: this game is already over anyway
(09:39 / Allies) UremindmeofaGay: someone go their
(09:43 / Allies) UremindmeofaGay: righ torange
(09:45 / Allies) UremindmeofaGay: and ill stavff
(09:53 / Allies) WEINTERRUPT: PINK PANDA DO IT
(10:00 / Allies) chapelOfdiamond: roger that
(10:14 / Allies) chapelOfdiamond: theyre going
(10:20 / Allies) UremindmeofaGay: forget it
(10:20 / Allies) chapelOfdiamond: im goign at same time as him
(10:24 / Allies) chapelOfdiamond: shall we jack by staff?
(10:29 / Allies) UremindmeofaGay: and tp out?
(10:32 / Allies) UremindmeofaGay: k
(10:32 / Allies) UremindmeofaGay: gio
(10:34 / Allies) WEINTERRUPT: YES
(10:42 / Allies) UremindmeofaGay: hero
(10:55 / Allies) UremindmeofaGay: fail
(11:48 / Allies) chapelOfdiamond: get deep we;lls
(11:54 / Allies) chapelOfdiamond: and night elf shops by tower wall
(11:56 / Allies) WEINTERRUPT: WHEN I CAN
(12:00 / Allies) chapelOfdiamond: lets make it a panda game plx
(12:03 / Allies) chapelOfdiamond: and not a dott game
(12:24 / Allies) WEINTERRUPT: CLOWNS ARE DOWN
(12:30 / Allies) chapelOfdiamond: whenever you want i can batt hem to shit
(12:40 / Allies) UremindmeofaGay: nah play it def
(13:01 / Allies) UremindmeofaGay: teal go left orange
(13:10 / Allies) chapelOfdiamond: teal is michael
(13:34 / Allies) WEINTERRUPT: IM THERE
(13:40 / Allies) UremindmeofaGay: u 2 creep it
(15:13 / Allies) chapelOfdiamond: they dont have shades
(15:20 / Allies) chapelOfdiamond: get enough sorcs for us saall to go in covert
(15:26 / Allies) UremindmeofaGay: 1 is enough
(15:40 / Allies) UremindmeofaGay: most ghouls
(15:45 / Allies) chapelOfdiamond: i still dont have staff
(15:50 / Allies) chapelOfdiamond: and some bitch keeps bying my orb
(15:59 / Allies) chapelOfdiamond: blue wood gouls
(16:01 / Allies) chapelOfdiamond: bottom mid ghouls
(16:08 / Allies) WEINTERRUPT: JUICE
(16:14 / Allies) UremindmeofaGay: stop that
(16:16 / Allies) UremindmeofaGay: dont make me unshare
(16:52 / All) UremindmeofaGay: yikes!
(17:21 / Allies) chapelOfdiamond: left side
(17:23 / Allies) chapelOfdiamond: left ghouls
(17:31 / Allies) chapelOfdiamond: or left side mine?
(17:33 / Allies) chapelOfdiamond: pick one
(17:34 / Allies) chapelOfdiamond: fast
(17:39 / Allies) WEINTERRUPT: MINE
(17:55 / Allies) chapelOfdiamond: staff is on cd still
(17:56 / Allies) chapelOfdiamond: be careful
(18:28 / Allies) UremindmeofaGay: dotn waste 2 tps a minute
(18:40 / Allies) chapelOfdiamond: im using staffs
(18:41 / Allies) chapelOfdiamond: he got a shade
(18:58 / Allies) UremindmeofaGay: hiot tower walls now
(19:09 / Allies) chapelOfdiamond: get orc speed scerolls
(19:25 / All) UremindmeofaGay: ^^
(19:48 / Allies) UremindmeofaGay: major offensive
(19:48 / Allies) UremindmeofaGay: right
(19:49 / Allies) UremindmeofaGay: use bats
(21:11 / All) chapelOfdiamond: leave now noobs
(21:16 / All) chapelOfdiamond: i got 5k gold i dont care to spend
(21:24 / Allies) UremindmeofaGay: bats
(22:25 / Allies) UremindmeofaGay: my fucking pally
(22:28 / Allies) UremindmeofaGay: never fucking showed up
(22:38 / Allies) WEINTERRUPT: PEON IS CLOGING
(23:23 / Allies) UremindmeofaGay: 51 food
(23:26 / Allies) chapelOfdiamond: lets hit hteir left side towers
(23:27 / Allies) UremindmeofaGay: i know ur not mining but still
(23:31 / Allies) UremindmeofaGay: we could bat
(23:33 / Allies) UremindmeofaGay: we have cloud
(23:37 / Allies) chapelOfdiamond: just dont gimem any gold
(23:41 / Allies) UremindmeofaGay: i could cloud whole left wall
(23:43 / Allies) UremindmeofaGay: and u bat it all
(23:46 / Allies) UremindmeofaGay: wand then panda fire
(23:47 / Allies) chapelOfdiamond: lets do it
(23:47 / Allies) UremindmeofaGay: want to?
(23:49 / Allies) UremindmeofaGay: k
(23:51 / Allies) chapelOfdiamond: roger that
(23:52 / Allies) UremindmeofaGay: get bats and pandas set on left side
(23:54 / Allies) chapelOfdiamond: bats going left
(23:57 / Allies) chapelOfdiamond: pandas in position
(24:01 / Allies) UremindmeofaGay: go now
(24:08 / Allies) UremindmeofaGay: go now not later
(24:37 / Allies) UremindmeofaGay: b
(25:07 / Allies) chapelOfdiamond: we ran right over a shade
(25:13 / Allies) chapelOfdiamond: i couldnt type fast enough to tell you
(25:24 / Allies) chapelOfdiamond: need gold
(26:00 / Allies) UremindmeofaGay: 4 wells
(26:01 / Allies) UremindmeofaGay: need 4 more
(26:09 / Allies) chapelOfdiamond: right side
(26:12 / Allies) chapelOfdiamond: many more wells
(26:16 / Allies) UremindmeofaGay: and maybe 1 more panda
(27:05 / Allies) UremindmeofaGay: those give xp
(27:06 / Allies) UremindmeofaGay: dotn feed them
(27:25 / Allies) chapelOfdiamond: i saved the windwalker
(27:32 / Allies) UremindmeofaGay: the other 2 are xp tomes tho
(27:37 / Allies) chapelOfdiamond: really>
(27:40 / Allies) UremindmeofaGay: ya
(27:54 / Allies) UremindmeofaGay: we coudl perch
(27:57 / Allies) UremindmeofaGay: get 50 food dotts michael
(28:43 / Allies) WEINTERRUPT: ?
(28:45 / Allies) chapelOfdiamond: 2 far out
(28:46 / Allies) chapelOfdiamond: bad boy
(29:56 / Allies) UremindmeofaGay: :/
(30:12 / Allies) UremindmeofaGay: k im going 100
(30:37 / Allies) WEINTERRUPT: SHOULD I JUST GET MORE DOTTS
(30:40 / Allies) UremindmeofaGay: yea
(30:41 / Allies) UremindmeofaGay: jsut go 100 dotts
(30:42 / Allies) UremindmeofaGay: they ud
(31:08 / Allies) chapelOfdiamond: inc left side
(31:23 / Allies) UremindmeofaGay: well im ready to perch
(31:25 / Allies) UremindmeofaGay: u guys ptut the dotts up
(31:27 / Allies) chapelOfdiamond: this is already high perch
(31:45 / Allies) chapelOfdiamond: we had those wyrms almost dead
(31:52 / Allies) chapelOfdiamond: we shoulda gone after them actively with pandas
(32:09 / Allies) UremindmeofaGay: iw ant to perch
(32:12 / Allies) UremindmeofaGay: i dont want to just win with pandas
(32:13 / Allies) UremindmeofaGay: :[
(32:17 / Allies) chapelOfdiamond: so do it
(32:22 / Allies) chapelOfdiamond: you dont need me for permission
(32:27 / Allies) WEINTERRUPT: CLOWNS DOWN
(32:43 / Allies) chapelOfdiamond: they got a panda
(32:49 / Allies) WEINTERRUPT: LOL
(33:10 / Allies) chapelOfdiamond: so far they have tried to copy us
(33:12 / Allies) chapelOfdiamond: and htats about it
(33:13 / Allies) UremindmeofaGay: im up and wawya
(33:14 / Allies) WEINTERRUPT: GOING 100
(33:26 / Allies) WEINTERRUPT: DET ALL WSIP?
(33:38 / Allies) UremindmeofaGay: get some up
(33:42 / Allies) UremindmeofaGay: for wood or future building
(33:45 / Allies) UremindmeofaGay: all get a whick hall
(33:59 / Allies) chapelOfdiamond: do we need manyu more bats?
(34:06 / Allies) UremindmeofaGay: we dont really need anything
(35:18 / All) UremindmeofaGay: hey bud whatcha doin there?
(35:26 / Allies) UremindmeofaGay: i think they see perch
(35:27 / Allies) UremindmeofaGay: cuz of tp
(35:44 / Allies) chapelOfdiamond: ?
(35:46 / Allies) chapelOfdiamond: explain
(35:49 / Allies) UremindmeofaGay: it reveals
(35:50 / Allies) UremindmeofaGay: unit u see
(35:53 / Allies) UremindmeofaGay: it shows where it tps to
(35:58 / Allies) chapelOfdiamond: sick ASS
(36:00 / Allies) chapelOfdiamond: dint know that at all
(36:31 / All) UremindmeofaGay: lol
(36:42 / Allies) UremindmeofaGay: heads up on ur pandas
(37:17 / Allies) WEINTERRUPT: STUPID HERO
(37:29 / All) UremindmeofaGay: wow we broke you guys spirits so hard
(37:33 / All) UremindmeofaGay: youre afraid to attack a moon well
(37:35 / All) UremindmeofaGay: lol!
(37:45 / All) UremindmeofaGay: remember when u charged our towers so bravely
(37:49 / All) UremindmeofaGay: now you shy from a shop
(38:07 / Allies) chapelOfdiamond: dont do that
(38:09 / Allies) chapelOfdiamond: :\
(38:10 / Allies) UremindmeofaGay: 1 of u already did
(38:14 / Allies) chapelOfdiamond: that were me
(38:17 / Allies) chapelOfdiamond: but no need to repeat
(38:36 / Allies) WEINTERRUPT: WHAT IDIOT KILLED MY MAIN?
(38:48 / Allies) UremindmeofaGay: wasnt me
(38:52 / Allies) UremindmeofaGay: y
(38:55 / Allies) WEINTERRUPT: PLANNING AHEAH
(38:57 / Allies) chapelOfdiamond: u dint need it
(38:58 / Allies) WEINTERRUPT: WAY AHEAD
(39:12 / Allies) WEINTERRUPT: GAYS
(39:17 / Allies) chapelOfdiamond: he saw my bats
(39:28 / Allies) WEINTERRUPT: NUKE THE GAYS?
(39:42 / Allies) chapelOfdiamond: look at them
(39:47 / Allies) chapelOfdiamond: they are like a crippled orphan right now
(39:53 / Allies) chapelOfdiamond: there is no need to kill anything as of yet
(40:21 / Allies) chapelOfdiamond: i cant get my peons up
(40:26 / Allies) UremindmeofaGay: why not
(40:32 / Allies) chapelOfdiamond: theuy g o to bestiary
(40:35 / Allies) chapelOfdiamond: when i staff
(40:36 / Allies) UremindmeofaGay: so use a tp
(40:40 / Allies) chapelOfdiamond: :S
(40:53 / Allies) UremindmeofaGay: once again i forgot to ask gold
(40:55 / Allies) UremindmeofaGay: now im 93 food
(40:57 / Allies) UremindmeofaGay: w/e we got enough aa
(41:04 / Allies) chapelOfdiamond: i only got 2k anyhow
(41:06 / Allies) UremindmeofaGay: LOL
(41:18 / Allies) chapelOfdiamond: btw im at 52 food
(41:20 / Allies) UremindmeofaGay: tehy cant perch
(41:21 / Allies) UremindmeofaGay: left side
(41:23 / All) chapelOfdiamond: HINT PERSONAL :HINT
(41:25 / Allies) UremindmeofaGay: all they can do is put gargs and heros up there
(41:27 / All) chapelOfdiamond: MAKE NO MORE ABOMINATIONS
(41:29 / All) chapelOfdiamond: THEY WILL NOT HELP
(41:32 / All) UremindmeofaGay: u guys cant get on the mointain if youre undead
(41:34 / Allies) UremindmeofaGay: shut up
(41:37 / Allies) UremindmeofaGay: we havent seen an abom yet
(41:42 / All) UremindmeofaGay: u have to have a pure soul
(41:46 / Allies) chapelOfdiamond: who says we havenbt
(42:02 / Allies) UremindmeofaGay: lol
(42:06 / Allies) UremindmeofaGay: thge second my am staffed down
(42:08 / Allies) UremindmeofaGay: they pinged it
(42:11 / Allies) UremindmeofaGay: dirty watchers
(42:14 / Allies) UremindmeofaGay: wanna bat a base?
(42:27 / All) UremindmeofaGay: yikes!
(42:33 / Allies) chapelOfdiamond: should i?
(42:36 / Allies) UremindmeofaGay: should u what
(42:38 / Allies) chapelOfdiamond: it would sad their pants pretty hard
(42:39 / Allies) chapelOfdiamond: to bat
(42:40 / Allies) UremindmeofaGay: bat a base?
(42:42 / Allies) UremindmeofaGay: nah lets wait
(42:43 / Allies) chapelOfdiamond: a bass guitar
(42:45 / Allies) UremindmeofaGay: let them set up a counter perch
(42:56 / Allies) chapelOfdiamond: 1
(42:56 / Allies) chapelOfdiamond: 2
(42:57 / Allies) chapelOfdiamond: 3
(42:59 / Allies) chapelOfdiamond: they are done
(43:03 / Allies) chapelOfdiamond: observe right tower wall atb ottom
(43:14 / Allies) UremindmeofaGay: fine
(43:14 / Allies) chapelOfdiamond: this is sickass
(43:17 / Allies) chapelOfdiamond: what are they even doign?
(43:17 / Allies) UremindmeofaGay: lets bat bottom main base
(43:19 / Allies) chapelOfdiamond: eating dinner?
(43:19 / Allies) UremindmeofaGay: bottom right
(43:23 / Allies) WEINTERRUPT: FIENDS EQUAL WINNING
(43:26 / Allies) WEINTERRUPT: I AM A ROBOT
(43:28 / Allies) UremindmeofaGay: ready>?
(43:34 / Allies) UremindmeofaGay: stop chat go bat
(43:41 / Allies) chapelOfdiamond: tahts not me
(43:42 / Allies) chapelOfdiamond: noob
(43:44 / Allies) chapelOfdiamond: turn off ally colors
(43:56 / All) UremindmeofaGay: our arrows will darken the sky
(43:58 / Allies) WEINTERRUPT: PPINGPINGPING
(44:21 / All) UremindmeofaGay: why would you hide a main
(44:22 / All) UremindmeofaGay: rofl
(44:26 / All) UremindmeofaGay: u got more gold thatn u can spend?
(44:32 / All) chapelOfdiamond: why would you hide it there??
(44:41 / Allies) UremindmeofaGay: no aa there
(44:44 / Allies) UremindmeofaGay: we coudl gg them right now
(44:45 / Allies) UremindmeofaGay: :s
(45:06 / Allies) chapelOfdiamond: ?
(45:06 / Allies) UremindmeofaGay: lets go around
(45:08 / Allies) UremindmeofaGay: bats and hawks
(45:09 / Allies) UremindmeofaGay: to right side
(45:49 / Allies) WEINTERRUPT: FIEND RIVER
(45:52 / Allies) chapelOfdiamond: ur am
(45:53 / Allies) chapelOfdiamond: gon die
(45:55 / Allies) UremindmeofaGay: to mid bottom
(46:03 / Allies) UremindmeofaGay: come
(46:06 / Allies) UremindmeofaGay: so we can get his main
(46:13 / Allies) chapelOfdiamond: goign
(46:29 / All) kthanxbye: LOL
(46:30 / Allies) chapelOfdiamond: gasp
(46:32 / All) UremindmeofaGay: game just got interesting
(46:33 / All) UremindmeofaGay: ROFL
(46:37 / All) golfvictim: L O L
(46:38 / Allies) WEINTERRUPT: MAYBE THEY EXPECTED ANOTHER TOWERWALL
(46:39 / All) golfvictim: HOLY SHIT
(46:41 / All) golfvictim: WEB
(46:42 / All) golfvictim: ROFL
(46:46 / All) golfvictim: we only play for luls
(46:56 / All) UremindmeofaGay: u play for the l(ose)s
(47:00 / Allies) chapelOfdiamond: i blame you for showing up ten years late
(47:05 / Allies) UremindmeofaGay: hawks do no damage
(47:07 / Allies) chapelOfdiamond: after bithching at me for ten minutes about showing up
(47:08 / Allies) UremindmeofaGay: we shoudl have btohr un
(47:17 / Allies) chapelOfdiamond: oh well
(47:20 / Allies) UremindmeofaGay: no aa
(47:21 / Allies) UremindmeofaGay: lets wipe that
(47:29 / Allies) chapelOfdiamond: more like you wipe it
(47:30 / Allies) UremindmeofaGay: nvm
(47:31 / Allies) chapelOfdiamond: bats worthless
(47:32 / Allies) UremindmeofaGay: ud otn have much
(47:35 / Allies) UremindmeofaGay: :/
(48:37 / Allies) UremindmeofaGay: care ur staffs
(49:35 / Allies) WEINTERRUPT: :s
(49:38 / Allies) WEINTERRUPT: GULP
(49:48 / Allies) chapelOfdiamond: rofl
(49:53 / Allies) WEINTERRUPT: AWW
(49:58 / Allies) chapelOfdiamond: dono who did that or why
(49:59 / Allies) chapelOfdiamond: but thanks
(50:02 / Allies) WEINTERRUPT: I OWNED OWNED MYSELF
(50:18 / All) golfvictim: lol
(50:32 / Allies) UremindmeofaGay: hmm
(50:40 / Allies) UremindmeofaGay: can u guys get hero back
(50:45 / Allies) WEINTERRUPT: IDK
(50:50 / Allies) UremindmeofaGay: how much gold
(50:55 / Allies) WEINTERRUPT: 1613
(50:59 / Allies) UremindmeofaGay: food
(51:03 / Allies) WEINTERRUPT: 71
(51:06 / Allies) UremindmeofaGay: yikes
(51:12 / Allies) UremindmeofaGay: u both lost hero?
(51:21 / Allies) WEINTERRUPT: YEA
(51:22 / Allies) UremindmeofaGay: should have waited for staff to cool
(51:24 / Allies) UremindmeofaGay: before running in
(51:27 / Allies) WEINTERRUPT: ITA A STARCRAFT GAME NOW
(51:48 / Allies) UremindmeofaGay: im gonna bat bot mid
(52:00 / All) kthanxbye: brb
(52:37 / Allies) UremindmeofaGay: actually thats dumb
(52:40 / Allies) UremindmeofaGay: he could cut me off easy
(52:45 / All) golfvictim: its ok we still have a main
(52:55 / Allies) UremindmeofaGay: fuck
(52:57 / Allies) UremindmeofaGay: i had pally down there
(53:01 / Allies) UremindmeofaGay: and suddenylr realized
(53:05 / Allies) UremindmeofaGay: i hadny planned what hotkeys were
(53:09 / Allies) UremindmeofaGay: for staff and shield
(53:20 / All) kthanxbye: so who's comp is gna die first
(53:34 / All) UremindmeofaGay: whose
(53:55 / Allies) UremindmeofaGay: those dotts gonna do anythign 1 dott couldnt do alone?
(54:04 / Allies) WEINTERRUPT: YSE
(54:23 / Allies) UremindmeofaGay: hmm well could you leave one behind
(54:28 / Allies) UremindmeofaGay: in case every single last one of those dies
(54:36 / Allies) WEINTERRUPT: THEY WONT
(55:01 / All) WEINTERRUPT: HUNGRY?
(55:05 / All) kthanxbye: why wait
(55:13 / All) redcantonarmy: grab a snickers
(55:14 / All) golfvictim: SNICKARS
(55:27 / Allies) UremindmeofaGay: hmm
(55:41 / Allies) UremindmeofaGay: he just moved shade
(55:43 / Allies) UremindmeofaGay: what a faker
(55:57 / All) UremindmeofaGay: auheauehuaheuaheuha
(55:58 / All) UremindmeofaGay: try me
(55:59 / Allies) WEINTERRUPT: he movd a worker
(56:10 / All) WEINTERRUPT: stop fakin babies
(56:26 / Allies) UremindmeofaGay: must both be here
(56:28 / Allies) UremindmeofaGay: for 1 of them to ping
(56:55 / All) WEINTERRUPT: oh yea hes there
(57:13 / All) WEINTERRUPT: faker screaming babies
(57:46 / Allies) UremindmeofaGay: u will run outta mana
(57:58 / All) WEINTERRUPT: LOLOLOL
(58:06 / Allies) UremindmeofaGay: use the other one
(58:08 / Allies) UremindmeofaGay: that ones outta mana
(58:24 / Allies) UremindmeofaGay: go now
(58:26 / Allies) UremindmeofaGay: bother dk
(58:27 / Allies) UremindmeofaGay: i kill shade
(59:00 / Allies) UremindmeofaGay: he outa shades
(59:02 / Allies) UremindmeofaGay: time to inivs bat
(60:07 / Allies) UremindmeofaGay: what are you doing
(60:18 / Allies) WEINTERRUPT: FLYING IN FORMATION
(60:55 / All) UremindmeofaGay: nice trick huh
(61:03 / All) UremindmeofaGay: stick around ill do it a few more times
(61:17 / Allies) UremindmeofaGay: what
(61:20 / Allies) UremindmeofaGay: did you spend tommys gold on
(61:34 / Allies) UremindmeofaGay: give him 200 gold
(61:36 / Allies) WEINTERRUPT: NUTHIN
(61:36 / Allies) UremindmeofaGay: the gold you spent
(63:27 / Allies) WEINTERRUPT: HERO
(63:35 / Allies) UremindmeofaGay: it cant do anything anyawy
(64:05 / Allies) UremindmeofaGay: he unburrowed fiends
(64:07 / Allies) UremindmeofaGay: maybe ready to go afk soon
(65:17 / Allies) UremindmeofaGay: im gonna fire and run
(65:19 / Allies) UremindmeofaGay: faerie fire
(65:24 / Allies) UremindmeofaGay: pls dont click race me
(65:30 / Allies) WEINTERRUPT: POO
(66:14 / Allies) UremindmeofaGay: lich down
(66:34 / Allies) UremindmeofaGay: at least let staff recharge
(66:36 / Allies) UremindmeofaGay: before u use that
(66:46 / Allies) WEINTERRUPT: LICK IS STILL THERE
(66:58 / Allies) UremindmeofaGay: thats the other lich
(67:02 / Allies) WEINTERRUPT: RAS SPLINYERSPINE
(68:13 / Allies) UremindmeofaGay: only 1 dk
(68:43 / Allies) UremindmeofaGay: he gave it an order
(68:46 / Allies) UremindmeofaGay: since i killed lich
(69:48 / Allies) UremindmeofaGay: make sure u always got enough mana
(69:49 / Allies) UremindmeofaGay: for ult
(69:59 / Allies) UremindmeofaGay: in fact im bringing am down
(70:13 / Allies) UremindmeofaGay: get that fiend
(71:04 / Allies) UremindmeofaGay: lets get michaels panda
(71:09 / Allies) UremindmeofaGay: make 3 wells and an altar
(71:25 / Allies) UremindmeofaGay: make 3 wells and an altar
(71:28 / Allies) UremindmeofaGay: i cant do it on this computer
(71:58 / Allies) UremindmeofaGay: make the altar next
(72:00 / Allies) UremindmeofaGay: find a spot where it fits
(72:30 / Allies) UremindmeofaGay: k
(72:33 / Allies) UremindmeofaGay: archmage is a mana base
(75:13 / Allies) UremindmeofaGay: michael has to go to bed